 Dungeon Crawl Stone Soup version 0.22.1 (webtiles) character file.

65 inc the Changer (level 3, 15/15 HPs)
             Began as a Felid Transmuter on Sept 17, 2018.
             Quit the game on level 3 of the Dungeon.
             The game lasted 00:03:12 (2626 turns).

inc the Changer (Felid Transmuter)                  Turns: 2626, Time: 00:03:12

Health: 15/15      AC:  1    Str:  6    XL:     3   Next: 94%
Magic:  7/7        EV: 18    Int: 15    God:
Gold:   117        SH:  0    Dex: 16    Spells: 5/6 levels left
                                        Lives:  0   Deaths: 1

rFire    . . .     SeeInvis +     - Unarmed
rCold    . . .     Gourm    .   (shield unavailable)
rNeg     . . .     Faith    .   (armour unavailable)
rPois    .         Spirit   .   (helmet unavailable)
rElec    .         Reflect  .   (cloak unavailable)
rCorr    .         Harm     .   (gloves unavailable)
MR       .....                  (boots unavailable)
Stlth    ++........             (no amulet)
HPRegen  0.05/turn              (no ring)
MPRegen  0.10/turn              (no ring)

@: quick
A: very small, no armour, no weapons or thrown items, stealth, claws 1, fangs 3,
see invisible, carnivore, speed 1, shaggy fur 1, slow metabolism 1, sharp paws
a: no special abilities


You were on level 3 of the Dungeon.
You were not hungry.

You visited 1 branch of the dungeon, and saw 3 of its levels.

You collected 117 gold pieces.

Inventory:

Missiles
 a - 82 arrows
Scrolls
 b - a scroll of remove curse {unknown}
 d - 2 scrolls of enchant weapon {unknown}
 e - a scroll of teleportation {unknown}
 f - 5 scrolls of identify {unknown}
 i - 3 scrolls of fog {unknown}
 l - a scroll of magic mapping {unknown}
 m - a scroll of enchant armour {unknown}
 n - a scroll of fear {unknown}
Potions
 g - 2 potions of curing {unknown}
 h - a potion of haste {unknown}
 j - a potion of heal wounds {unknown}
 k - 2 potions of might {unknown}
Comestibles
 c - 4 rations


   Skills:
 - Level 1.0 Fighting
 - Level 2.6 Dodging
 - Level 3.0 Unarmed Combat
 - Level 2.0 Spellcasting
 + Level 5.7 Transmutations


You had 5 spell levels left.
You knew the following spells:

 Your Spells              Type           Power        Failure   Level  Hunger
a - Beastly Appendage     Tmut           ###...       1%          1    #......

Your spell library contained the following spells:

 Spells                   Type           Power        Failure   Level  Hunger
 Sticks to Snakes         Tmut           ###.....     3%          2    ###....
 Spider Form              Tmut/Pois      ##........   21%         3    ###....
 Blade Hands              Tmut           ###.......   50%         5    ######.
 Ice Form                 Ice/Tmut       ##......     56%         4    #####..


Dungeon Overview and Level Annotations

Branches:
Dungeon (3/15)

Altars:
Makhleb
Okawaru


Innate Abilities, Weirdness & Mutations

You cannot wear armour.
You are incapable of wielding weapons or throwing items.
Your paws allow you to move quietly. (Stealth)
You have sharp claws.
You have razor-sharp teeth.
You have supernaturally acute eyesight. (SInv)
You are carnivorous and can eat meat at any time.
You cover ground quickly.
You are covered in fur. (AC +1)
You have a slow metabolism.
Your sharp claws are effective at attacking unaware monsters.


Message History

You kill the orc!
The orc wizard casts a spell at you. The magic dart hits you!
You see here a hand axe.
You are too injured to fight recklessly!
You are too injured to fight recklessly!
You are too injured to fight recklessly!
You scratch the orc wizard but do no damage.
The orc wizard misses you.
You barely miss the orc wizard. The orc wizard hits you with a dagger.
* * * LOW HITPOINT WARNING * * *
You scratch the orc wizard but do no damage.
The orc wizard hits you with a dagger.
You die...
Your shape twists and changes as you die.
You are now level 3!
Your horns disappear.
You rejoin the land of the living...
Unknown command.
Are you sure you want to abandon this character and quit the game? (Confirm

.......# ..)....##
).<.....#
†.).....##
..o......#
......##..# #
.....## #.# . .#
#.#### #.##.
###..## #.## .(..
#@....#
...#####..#
#.#.#.# #.....#...
#.# # ####..#.#
##...#
#....o..##.....##.
..##....o.o...# .
[ ###..##....? .
##... ...# ..
####.. ##


There were no monsters in sight!

Vanquished Creatures
  A hound (D:2)
  2 gnolls (D:2)
  3 adders (D:2)
  An ooze (D:1)
  2 leopard geckos (D:2)
  4 orcs
  7 bats
  9 goblins
  4 hobgoblins (D:1)
  2 jackals (D:2)
  6 kobolds
  A quokka (D:2)
  3 ball pythons
  2 frilled lizards
  2 rats
49 creatures vanquished.

Notes
Turn   | Place    | Note
-------+----------+-------------------------------------------
     0 | D:1      | inc the Felid Transmuter began the quest for the Orb.
     0 | D:1      | Reached XP level 1. HP: 9/9 MP: 4/4
   153 | D:1      | Reached skill level 3 in Transmutations
   157 | D:1      | Reached XP level 2. HP: 6/12 MP: 4/6
  1036 | D:2      | Reached XP level 3. HP: 15/15 MP: 7/7
  1053 | D:2      | Reached skill level 4 in Transmutations
  1561 | D:2      | Found a burning altar of Makhleb.
  1571 | D:2      | Reached skill level 5 in Transmutations
  1571 | D:2      | Reached XP level 4. HP: 11/19 MP: 6/8
  2305 | D:2      | Found an iron altar of Okawaru.
  2625 | D:3      | Slain by an orc wizard
  2626 | D:3      | Reached XP level 3. HP: -1/15 MP: 7/7
  2626 | D:3      | Quit the game

Skill      XL: |  1  2  3 |
---------------+----------+-----
Transmutations | 3 5 |  5.7
Fighting       | |  1.0
Dodging        | |  2.6
Unarmed Combat | |  3.0
Spellcasting   | |  2.0

Action                   |  1- 3 |  4- 6 || total
-------------------------+-------+-------++-------
Melee: Unarmed           |    87 |    72 ||   159
       Headbutt          |     6 |     9 ||    15
       Punch             |     2 |       ||     2
       Bite              |     5 |     6 ||    11
 Cast: Beastly Appendage |    10 |     9 ||    19
 Stab: Sleeping          |     1 |       ||     1
  Eat: Chunk             |     5 |     3 ||     8
Armor: Skin              |     1 |     4 ||     5
Dodge: Dodged            |    72 |    92 ||   164
